← All builds
Suicide front / Armada / Factory first / OBSERVED BUILD

Standard suicide front

Armada Suicide front build order · Supreme Isthmus

The role's baseline: Bot Lab at 0:21 then straight into reclaim-fed T1 bot production to contest the middle and hold until T2 arrives, with an Advanced Metal Extractor around 9:45.

#rush · 2247 distinct matches · 261 players · 72% of Armada Suicide front games · team won 59% of 2637 · Recently observed

HOW TO PLAY IT

Key timing: Bot Lab by 0:20

  1. Open with mex and lab-first to get Bot Lab up by 0:20.
  2. Expand mex and wind while lab pumps units toward middle.
  3. Push Sentry and early Rocketeer, Centurion to contest middle.
  4. Get T2 constructor out once Pond's boost lets you spare metal.
  5. Upgrade mex to Advanced Metal Extractor as you transition off T1 spam.

Phase by phase

TYPICAL OF ITS 2247 GAMES
  1. 1
  2. 2
  3. 3
PLAY THE OPENING

Follow the example game's first 6:00 step by step: what to build now, what comes next, and where it goes. At 1× it keeps pace with your own game.

  1. 1

    Bot Lab first

    Order
    1. Bot LabBot Lab done ~0:26, middle half 0:20–0:33

    Some games also: mex (47%)

  2. 2

    Bot Lab to 5:00

    Economy
    • Metal Extractor5Mex
    • Wind Turbine4Wind
    Builders
    • Construction Bot3 Con bot
    • Lazarus2 Lazarus
    Army
    • Sentry4 Sentry
    • Rocketeer16 Rocketeer
    • Tick2 Tick
    • Centurion1 Centurion
    Other
    • Radar Tower1 Radar Tower

    Some games also: pawn (39%) · con turret (34%)

    By 5:00 in all: 5 mex · 4 wind

    The example game in this phase · 27 steps
    1. Mex
    2. TickTick
    3. Construction BotCon bot
    4. Wind
    5. Construction BotCon bot
    6. SentrySentry
    7. Construction BotCon bot
    8. Mex ×2
    9. LazarusLazarus
    10. SentrySentry
    11. CenturionCenturion
    12. Radar TowerRadar Tower
    13. Mex
    14. Wind
    15. CenturionCenturion
    16. Wind
    17. RocketeerRocketeer ×2
    18. Energy storage
    19. RocketeerRocketeer ×8
    20. SentrySentry
    21. LazarusLazarus
    22. Wind
    23. RocketeerRocketeer ×2
    24. Wind
    25. RocketeerRocketeer ×2
    26. Wind
    27. RocketeerRocketeer
  3. 3

    5:00 to 10:00

    Economy
    • Metal Extractor1Mex
    • Wind Turbine15Wind
    Builders
    • Construction Turret2 Con turret
    • Lazarus2 Lazarus
    • Construction Bot1 Con bot
    Army
    • Sentry1 Sentry
    • Rocketeer8 Rocketeer

    Some games also: pawn (48%) · Radar Tower (46%) · centurion (44%) · tick (43%) · energy storage (42%) · eat Bot Lab (31%)

    By 10:00 in all: 6 mex · 21 wind · 1 energy storage · 2 con turret

    The example game in this phase · 71 steps
    1. RocketeerRocketeer
    2. Wind
    3. RocketeerRocketeer ×2
    4. SentrySentry
    5. Wind
    6. CenturionCenturion
    7. Wind ×2
    8. CenturionCenturion
    9. Wind
    10. SentrySentry ×2
    11. LazarusLazarus
    12. SentrySentry
    13. Wind
    14. Dragon's TeethDragon's Teeth
    15. LazarusLazarus
    16. Dragon's TeethDragon's Teeth ×5
    17. Converter
    18. RocketeerRocketeer ×2
    19. Converter
    20. Con turret
    21. Wind
    22. Converter
    23. Wind ×2
    24. Advanced Metal ExtractorT2 mexdone 10:08 · typical 9:49
    25. Wind
    26. Advanced Metal ExtractorT2 mex
    27. Wind ×3
    28. Advanced Metal ExtractorT2 mex
    29. Wind ×5
    30. RattlesnakeRattlesnakedone 12:07
    31. Wind ×4
    32. ArbalestArbalest
    33. Wind
    34. Construction BotCon bot
    35. Wind
    36. Construction BotCon bot ×2
    37. Wind
    38. Fortification WallFortification Wall ×2
    39. Construction BotCon bot
    40. Con turret
    41. Fortification WallFortification Wall ×3
    42. Construction BotCon bot
    43. PawnPawn
    44. Fortification WallFortification Wall
    45. PawnPawn
    46. Fortification WallFortification Wall
    47. PawnPawn
    48. Fortification WallFortification Wall
    49. PawnPawn ×2
    50. Fortification WallFortification Wall
    51. PawnPawn ×2
    52. Fortification WallFortification Wall
    53. PawnPawn
    54. Fortification WallFortification Wall
    55. PawnPawn
    56. Fortification WallFortification Wall
    57. PawnPawn
    58. Fortification WallFortification Wall
    59. PawnPawn
    60. Fortification WallFortification Wall
    61. PawnPawn ×2
    62. Fortification WallFortification Wall
    63. PawnPawn ×2
    64. Fortification WallFortification Wall
    65. Con turret
    66. PawnPawn
    67. Fortification WallFortification Wall
    68. PawnPawn
    69. Con turret
    70. PawnPawn ×6
    71. Vehicle PlantVehicle Plantnot finished by 15:00

Counts are medians over the build's games: half of them build more, half fewer. The example game is TrapCaT's (42 OS, 15/10/2026); pick another.

Team trades

IN AT LEAST 30% OF ITS GAMES

You hand over

Nothing regular.

You get

  • Tidal Generator4 Tidal from Pondfirst at 0:11 · in 68% of games
  • Advanced Construction Bot1 T2 con bot from Geo or Techfirst at 7:45 · in 57% of games

How it plays out

Typical game of this build, running totals by minute

Metal produced

010k20k
0:005:0010:0015:00

metal

Enemy metal destroyed

05k10k
0:005:0010:0015:00

metal

Own metal lost

05k10k
0:005:0010:0015:00

metal

2637 games.

Show as table
ByMetal produced: This buildEnemy metal destroyed: This buildOwn metal lost: This build
1:0023000
2:0088700
3:002006193130
4:003105647502
5:0041861358990
6:00535222041677
7:00654530812550
8:00775239633443
9:00903447304337
10:001040053465120
11:001185058925902
12:001353664446635
13:001533969227401
14:001720575528183
15:001915081918947
WHAT THE NUMBERS SAY

Standard Suicide front play wins a bit over half its games while taking the heaviest own losses of any role by 15:00.

  • + Produces 20142 metal by 15:00, highest of the front roles.
  • + First kill by 2:01 in all games, fastest contest of middle.
  • − Own metal lost hits 9178 by 15:00, more than enemy metal destroyed.
  • − Only 34% Rocketeer share shows army spread thin across many bot types.
THE EXAMPLE YOU ARE READING

TrapCaT

42.3 OS · 15/10/2026

Open source match ↗

6 received units · includes a constructor
826 metal received · 46554 energy received

Allied construction assistance is unknown. Timings are observations, not a promise of solo reproducibility.

Typical milestones

Bot Lab0:26Middle 50%: 0:20–0:33 · n=2628
Advanced Metal Extractor9:49Middle 50%: 8:52–11:00 · n=1889

Played most by

_X_265games of this buildPlatinumBlonde188games of this buildXad165games of this buildTrapCaT113games of this buildSoliloqueur81games of this build